 Dungeon Crawl Stone Soup version 0.30-b1-2-g02819fbbbe (webtiles) character file.

Game seed: 3995737186172313077

56 raph the Slasher (level 3, -9/46 HPs)
             Began as a Minotaur Berserker on June 20, 2023.
             Was a Follower of Trog.
             Killed by divine providence
             ... invoked by an orc priest
              (14 damage)
             ... on level 2 of the Dungeon.
             The game lasted 00:01:05 (1086 turns).

raph the Slasher (Minotaur Berserker)               Turns: 1086, Time: 00:01:05

Health: -9/46      AC:  8    Str: 21    XL:     3   Next: 71%
Magic:  2/2        EV:  8    Int:  4    God:    Trog [*.....]
Gold:   70         SH:  0    Dex: 11    Spells: 2/2 levels left

rFire   . . .        a - +0 falchion
rCold   . . .        (no shield)
rNeg    . . .        f - +0 chain mail
rPois   .            (helmet restricted)
rElec   .            (no cloak)
rCorr   .            (no gloves)
SInv    .            (no boots)
Will    .....        (no amulet) Stlth
                     (no ring)
HPRegen 0.27/turn    (no ring)
MPRegen 0.08/turn

%: no passive effects
@: berserking, very quick
A: horns 2, retaliatory headbutt
a: Renounce Religion, Berserk


You were on level 2 of the Dungeon.
You worshipped Trog.
Trog was aware of your devotion.
You visited 1 branch of the dungeon, and saw 2 of its levels.

You collected 70 gold pieces.

Inventory:

Hand Weapons
 a - a +0 falchion (weapon)
Missiles
 g - 4 atropa-tipped darts (quivered)
Armour
 f - a +0 chain mail (worn)
Scrolls
 b - a scroll of teleportation {unknown}
 c - a scroll of enchant armour {unknown}
 d - a scroll of noise {unknown}
 i - a scroll of identify {unknown}
 j - a scroll of torment {unknown}
Potions
 e - a potion of magic {unknown}
 h - a potion of might {unknown}


   Skills:
 - Level 3.6 Fighting
 + Level 5.7 Long Blades
 - Level 2.4 Armour
 - Level 2.1 Dodging


You had 2 spell levels left.
You didn't know any spells.
Your spell library was empty.

Dungeon Overview and Level Annotations

Branches:
Dungeon (2/15)

Altars:


Innate Abilities, Weirdness & Mutations

You have a pair of horns on your head.
You reflexively headbutt those who attack you in melee.


Message History

Beogh smites you!
Ouch! That really hurt!
The orc barely misses you. You furiously retaliate!
You headbutt the orc!
You kill the orc!
Trog accepts your kill. The orc priest barely misses you.
Your Long Blades skill increases to level 5!
You hit the orc priest. You headbutt the orc priest.
The orc priest is almost dead.
The orc priest looks braver for a moment.
You fail to use your ability.
A red film seems to cover your vision as you go berserk!
You feel yourself moving faster!
You feel mighty!
The orc priest calls down the wrath of Beogh upon you.
You barely resist.
The orc priest begins to cast a cantrip, but forgets the words!
You closely miss the orc priest. Your headbutt misses the orc priest.
The orc priest is almost dead.
The orc priest barely misses you. You furiously retaliate!
You headbutt the orc priest. The orc priest hits you with a +0 club.
You hit the orc priest.
You kill the orc priest!
Trog accepts your kill.
The orc priest hits you but does no damage.
You have reached level 3!
Your experience leads to an increase in your attributes!
Increase (S)trength, (I)ntelligence, or (D)exterity?
You feel agile. x2
You closely miss the orc priest.
The orc priest is lightly wounded.
You hit the orc priest. You headbutt the orc priest!
The orc priest is almost dead.
The orc priest calls down the wrath of Beogh upon you.
Pain shoots through your body!
* * * LOW HITPOINT WARNING * * *
You barely miss the orc priest.
The orc priest is almost dead.
The orc priest mumbles some strange prayers to Beogh against you.
Beogh smites you!
You die...

#.#.# #. #.#.# #.
#.#.# ## # #.#.# .
o.### #.#.# .. ...
#.#.#
##.##.######.#.###
.#....))..........#
......o@......#.#.#
##..######.#..##..#
#.##......### ##
#........#
#..#..#.#.####
##.#.##.#..<..
#...##.######
#.#.##<#
...#.##.###


You could see an orc priest.

Vanquished Creatures
  An orc priest (D:2)
  4 dart slugs
  An orc (D:2)
  2 ball pythons (D:1)
  2 endoplasms (D:1)
  A giant cockroach (D:1)
  A hobgoblin (D:2)
  2 quokkas (D:1)
  3 rats (D:1)
17 creatures vanquished.

Notes
Turn   | Place    | Note
-------+----------+-------------------------------------------
     0 | D:1      | raph the Minotaur Berserker began the quest for the Orb.
     0 | D:1      | Reached XP level 1. HP: 19/19 MP: 0/0
   202 | D:1      | Reached skill level 4 in Long Blades
   228 | D:1      | Reached XP level 2. HP: 26/26 MP: 1/1
  1079 | D:2      | Reached skill level 5 in Long Blades
  1084 | D:2      | Reached XP level 3. HP: 17/31 MP: 2/2
  1086 | D:2      | Killed from afar by an orc priest

Illustrated notes

Levels and vault maps discovered:
D:1:      dpeg_arrival_connections, layout_basic,
          chequers_serial_rivers_micro_b, minmay_misc_feat_more_columns
D:2:      layout_loops_ring, basic_altar, serial_shops, shop,
          hellmonk_ecumenical_altar_the_god_not_taken

Skill      XL: |  1  2 |
---------------+-------+-----
Long Blades    | 4 5 |  5.7
Fighting       | |  3.6
Armour         | |  2.4
Dodging        | |  2.1

Action                     || total
---------------------------++-------
  Melee: Falchion          ||    43
         Punch             ||     1
         Headbutt          ||     6
 Invoke: Berserk           ||     1
 Armour: Animal skin       ||     6
         Chain mail        ||     4
         Leather armour    ||     1
  Dodge: Dodged            ||    20
